 Dungeon Crawl Stone Soup version 0.18-a0-1639-g7533f42 (webtiles) character file.

508 M4edhros the Poker (level 7, -3/46 HPs)
             Began as an Octopode Fighter on Mar 27, 2016.
             Slain by a hippogriff (7 damage)
             ... on level 4 of the Dungeon.
             The game lasted 00:18:44 (1458 turns).

M4edhros the Poker (Octopode Fighter)               Turns: 1458, Time: 00:18:45

Health: -3/46      AC:  1    Str: 16    XL:     7   Next: 18%
Magic:  7/7        EV: 11    Int: 10    God:
Gold:   142        SH:  9    Dex: 16    Spells: 0 memorised, 6 levels left

rFire  . . .     SeeInvis .     a - +0 trident
rCold  . . .     Gourm    .     b - +0 shield
rNeg   . . .     Faith    .     (helmet restricted)
rPois  .         Spirit   .     (no amulet)
rElec  .         Dismiss  .     n - +3 ring of dexterity
rCorr  .         Reflect  .     (no ring)
SustAt .         Harm     .     (no ring)
MR     .....                    (no ring)
Stlth  ++........               (no ring)
                                (no ring)
                                (no ring)
                                (no ring)

@: hasted, very quick, not resistant to hostile enchantments, unstealthy
A: almost no armour, amphibious, 8 rings, constrict 8, camouflage 1, gelatinous
body 1
a: no special abilities


You were on level 4 of the Dungeon.
You were not hungry.

You visited 1 branch of the dungeon, and saw 4 of its levels.
You also visited: Sewer.

You collected 142 gold pieces.

Inventory:

Hand Weapons
 a - a +0 trident (weapon)
Missiles
 e - 113 stones (quivered)
 g - 25 sling bullets
Armour
 b - a +0 shield (worn)
Jewellery
 n - a +3 ring of dexterity (left tentacle)
Scrolls
 h - a scroll of fear {unknown}
 i - a scroll of recharging {unknown}
 l - a scroll of identify {unknown}
 p - a scroll of remove curse {unknown}
Potions
 c - a potion of might
 k - a potion of haste
 m - a potion of flight
Comestibles
 d - a bread ration
 f - a meat ration
 o - 3 chunks of flesh


   Skills:
 - Level 3.0 Fighting
 + Level 7.6 Polearms
 - Level 3.0 Dodging
 - Level 3.0 Shields


You had 6 spell levels left.
You didn't know any spells.

Dungeon Overview and Level Annotations

Branches:
Dungeon (4/15)
 Temple: D:4-7

Altars:
Qazlal


Innate Abilities, Weirdness & Mutations

You cannot wear most types of armour.
You are amphibious.
You can wear up to eight rings at the same time.
You can use your tentacles to constrict eight enemies at once.
Your skin changes colour to match your surroundings (Stealth).
Your rubbery body absorbs attacks (AC +1).


Message History

The hippogriff is heavily wounded.
The hippogriff bites you! The hippogriff pecks you.
* * * LOW HITPOINT WARNING * * *
The hippogriff claws you!
* * * LOW HITPOINT WARNING * * *
Drink which item? (? for menu, Esc to quit)
You feel better. The hippogriff misses you. You block the hippogriff's attack.
The hippogriff claws you!
* * * LOW HITPOINT WARNING * * *
Drink which item? (? for menu, Esc to quit)
You feel better. You block the hippogriff's attack. The hippogriff pecks you.
* * * LOW HITPOINT WARNING * * *
You block the hippogriff's attack.
Drink which item? (? for menu, Esc to quit)
You feel yourself speed up. The hippogriff bites you.
* * * LOW HITPOINT WARNING * * *
The hippogriff pecks you.
* * * LOW HITPOINT WARNING * * *
The hippogriff claws you!
You die...

#####......≈≈≈≈≈..# #.#.......#
##.........≈≈.≈≈..####.#######.#
##.##.###..≈≈≈≈≈...##..........##
##.#...##...≈≈≈....##..######....
#..................##..# #.###
.......#...............# #. #
.......#.##.####..#.##.# #.# #
<........##.# #.##.##.# #.# #
.......####.# #@##.##.# #.# #
...............H.##.# .# #.# #
#...........####.##.# .# #.# #
#..######## .#...# .# #.# # #..#
# #... #.# # #..# ### #.# # #...
############.# # #.........)).###
#.#.####.....)....


You could see a hippogriff.

Vanquished Creatures
  A necrophage (D:3)
  A big kobold (Sewer)
  2 scorpions (D:4)
  2 giant frog skeletons (D:4)
  2 orc priests (D:4)
  2 worker ants (D:4)
  2 adders (D:4)
  A worm (D:4)
  A dart slug (D:1)
  A giant gecko (D:3)
  11 orcs (D:4)
  2 bat skeletons (D:4)
  3 bat zombies (D:4)
  3 hobgoblins (D:1)
  5 jackals
  A ball python (D:4)
  5 bats
  A giant newt (D:4)
  10 kobolds
  11 rats
67 creatures vanquished.

Notes
Turn   | Place    | Note
--------------------------------------------------------------
     0 | D:1      | M4edhros the Octopode Fighter began the quest for the Orb.
     0 | D:1      | Reached XP level 1. HP: 16/16 MP: 1/1
   124 | D:1      | Reached XP level 2. HP: 15/21 MP: 2/2
   323 | D:1      | Reached skill level 3 in Polearms
   602 | D:3      | Noticed a necrophage
   608 | D:3      | Killed a necrophage
   608 | D:3      | Reached skill level 4 in Polearms
   608 | D:3      | Reached XP level 3. HP: 26/26 MP: 3/3
   608 | D:3      | Reached XP level 4. HP: 31/31 MP: 4/4
   695 | D:4      | Reached skill level 5 in Polearms
   695 | D:4      | Reached XP level 5. HP: 33/36 MP: 5/5
   699 | D:4      | Found a glowing drain.
   740 | Sewer    | Entered a sewer
   812 | Sewer    | Noticed a big kobold
   825 | Sewer    | Killed a big kobold
   825 | Sewer    | Reached skill level 6 in Polearms
   825 | Sewer    | Reached XP level 6. HP: 24/42 MP: 6/6
   968 | Sewer    | Found a white marble altar of Elyvilon.
  1193 | D:4      | Reached skill level 7 in Polearms
  1207 | D:4      | Found a stormy altar of Qazlal.
  1292 | D:4      | Reached XP level 7. HP: 20/46 MP: 7/7
  1453 | D:4      | Noticed a hippogriff
  1458 | D:4      | Slain by a hippogriff

Vault maps used:
D:1:      tarquinn_simple_flora_water_a
D:2:      lemuel_upstairs_altar
D:3:      trog_hazing_becter, uniq_jessica
D:4:      kennysheep_vampire_church, grunt_qazlal_clouds, portal_sewer_entry_a
Sewer:    sewer_kobolds

Skill      XL: |  1  2  3  4  5  6 |
---------------+-------------------+-----
Polearms       | 4 5 6 7 |  7.6
Fighting       | |  3.0
Dodging        | |  3.0
Shields        | |  3.0

Action                   |  1- 3 |  4- 6 |  7- 9 || total
-------------------------+-------+-------+-------++-------
Melee: Trident           |    46 |    96 |    14 ||   156
  Use: Potion            |       |     6 |     3 ||     9
 Stab: Sleeping          |     2 |     9 |     1 ||    12
       Distracted        |       |     1 |       ||     1
  Eat: Chunk             |       |     3 |       ||     3
